Map: [ESL] Moondance

Players

Spirit (souL) - Winner!

  • Race: Terran Terran
  • Spawn Location: 12:00

Lambo

  • Race: Zerg Zerg
  • League: Master
  • Spawn Location: 6:00

Event: HomeStory Cup XXI

VOD

Have the link to the VOD?

Description

Time

  • Played on: July 23, 2022, 8:49 a.m.
  • Length: 10:45

All games in this series

Show
View Real Time Build Order
Export as new Build Order

Spirit Terran - Winner!

Build Orders: Command Center First (CC), Hellion Banshee 

Get SALT Encoding   

  12  0:00  SCV  
  13  0:12  SCV  
  14  0:17  Supply Depot  
  14  0:24  SCV  
  15  0:38  SCV  
  16  0:50  SCV  
  17  0:59  Command Center  
  18  1:04  SCV  
  18  1:14  Barracks  
  18  1:17  SCV  
  19  1:22  Refinery  
  19  1:29  SCV  
  19  1:31  Refinery  
  20  1:41  SCV  
  21  1:53  SCV  
  22  2:02  Reaper  
  22  2:05  Orbital Command  
  23  2:12  Orbital Command  
  23  2:21  Factory  
  23  2:31  SCV, Supply Depot  
  23  2:34  Barracks Reactor  
  24  2:38  Bunker  
  24  2:40  SCV  
  24  2:43  SCV  
  26  2:52  SCV  
  26  2:55  SCV  
  28  3:02  Command Center  
  28  3:04  SCV  
  29  3:08  SCV  
  29  3:12  Starport  
  30  3:17  SCV  
  33  3:20  Hellion, SCV  
  33  3:23  Hellion  
  33  3:25  Barracks Tech Lab  
  36  3:28  Supply Depot  
  36  3:31  SCV  
  36  3:32  SCV  
  40  3:41  Hellion  
  40  3:43  SCV  
  40  3:44  SCV  
  40  3:45  Hellion  
  44  3:53  Cloaking Field  
  44  3:54  Banshee  
  47  3:56  SCV  
  47  3:57  SCV  
  49  4:06  Hellion x2  
  49  4:07  Barracks Tech Lab  
  49  4:08  SCV  
  54  4:13  Orbital Command  
  54  4:14  SCV  
  55  4:19  Supply Depot  
  55  4:21  SCV  
  56  4:26  SCV, Marine, Stimpack  
  56  4:28  Hellion x2  
  62  4:33  SCV  
  62  4:37  Banshee  
  62  4:38  SCV  
  67  4:40  SCV  
  67  4:41  Supply Depot  
  67  4:44  Marine  
  67  4:45  SCV  
  70  4:46  Orbital Command  
  70  4:50  SCV  
  71  4:56  Refinery x2, Factory Reactor  
  71  4:57  Barracks x2, SCV  
  72  5:02  SCV  
  72  5:04  Supply Depot  
  72  5:06  Supply Depot  
  73  5:11  Engineering Bay, SCV  
  73  5:12  Engineering Bay  
  73  5:13  SCV  
  75  5:19  SCV  
  75  5:21  Barracks  
  76  5:22  Barracks  
  76  5:23  SCV  
  76  5:26  SCV  
  78  5:29  Starport Reactor  
  78  5:31  SCV  
  78  5:32  Bunker  
  78  5:34  Marine  
  78  5:35  SCV  
  81  5:38  SCV, Supply Depot  
  81  5:39  Supply Depot, Terran Infantry Weapons Level 1  
  81  5:40  Terran Infantry Armor Level 1  
  82  5:43  Siege Tank  
  82  5:44  Marine  
  82  5:49  SCV  
  88  5:50  SCV x2  
  88  5:53  Marine  
  90  5:58  Marine  
  90  5:59  Marine  
  90  6:02  Marine  
  93  6:06  Combat Shield  
  93  6:07  SCV  
  95  6:15  Barracks Reactor x2  
  95  6:16  SCV x2, Siege Tank  
  95  6:18  Supply Depot x2  
  98  6:19  Marine x4, SCV, Supply Depot, Refinery  
  98  6:20  Marine  
  98  6:23  Medivac  
  106  6:25  Medivac  
  106  6:28  SCV  
  107  6:34  SCV  
  107  6:37  SCV, Marine x3  
  107  6:38  Marine  
  107  6:39  Marine  
  114  6:40  SCV  
  115  6:51  Marine  
  115  6:53  Medivac  
  118  6:54  Marine x2  
  118  6:55  Medivac, Marine x2  
  118  6:56  Marine  
  118  6:57  Marine  
  118  6:58  SCV  
  118  6:59  Marine  
  118  7:01  Marine  
  128  7:02  Siege Tank  
  128  7:06  SCV  
  132  7:09  Marine  
  132  7:12  Marine x4  
  132  7:14  Marine x2  
  137  7:17  Marine  
  137  7:19  Marine  
  129  7:23  Supply Depot, Medivac  
  129  7:25  Medivac  
  129  7:27  Marine  
  134  7:30  Supply Depot, Marine x4  
  134  7:31  Marine  
  134  7:32  Marine  
  134  7:35  Marine  
  141  7:43  Command Center  
  141  7:44  Siege Tank, Marine  
  141  7:45  Supply Depot, Marine  
  141  7:47  Marine  
  141  7:48  Marine x2  
  141  7:49  Marine x2  
  149  7:51  Marine  
  149  7:52  Marine  
  149  7:56  Medivac x2  
  151  8:00  Armory  
  151  8:02  Marine  
  151  8:03  Marine  
  151  8:04  Factory  
  151  8:05  Marine  
  153  8:06  Marine x2  
  153  8:07  Marine x2  
  153  8:11  SCV  
  159  8:13  Marine, Supply Depot  
  159  8:15  Marine  
  159  8:17  Siege Tank, Supply Depot  
  164  8:20  Marine  
  164  8:25  Marine x2  
  165  8:28  Marine  
  165  8:29  Medivac, Marine x2  
  165  8:30  Medivac  
  165  8:33  Marine x3  
  162  8:38  Marine  
  158  8:42  Marine x2  
  158  8:46  Marine  
  158  8:47  Marine x2  
  149  8:50  Marine  
  149  8:51  Marine x2  
  151  8:55  Marine  
  151  8:59  Medivac  
  151  9:00  Marine x2  
  155  9:04  Marine  
  155  9:05  Marine x2  
  155  9:06  SCV x3  
  155  9:08  Marine x3  
  164  9:13  Marine  
  164  9:15  Siege Tank  
  168  9:18  Marine x2  
  168  9:22  SCV x2, Marine x3  
  175  9:24  Factory Tech Lab  
  175  9:26  Marine x3  
  178  9:31  Marine  
  178  9:36  Marine x2  
  175  9:39  Marine  
  175  9:40  Marine x2  
  175  9:44  Marine x3  
  180  9:46  Planetary Fortress  
  180  9:47  Siege Tank  
  180  9:49  Marine  
  177  9:53  SCV  
  177  9:54  Marine x2  
  177  9:57  Marine  
  177  9:58  Marine x2  
  168  10:01  SCV  
  168  10:02  Marine x3  
  170  10:07  Marine  
  170  10:08  SCV  
  170  10:11  Marine x2, Command Center  
  168  10:15  Marine  
  168  10:16  Marine x2  
  168  10:19  SCV, Marine  
  168  10:20  Marine x2  
  168  10:25  Marine  
Show
View Real Time Build Order
Export as new Build Order

Lambo Zerg 

Build Orders: Pool First 

Get SALT Encoding   

  12  0:00  Drone  
  13  0:12  Overlord  
  13  0:17  Drone  
  14  0:30  Drone x2  
  16  0:36  Drone  
  17  0:43  Spawning Pool  
  17  0:46  Drone  
  17  1:07  Hatchery  
  17  1:10  Drone  
  17  1:14  Drone  
  17  1:17  Extractor  
  17  1:29  Zergling x2  
  17  1:30  Queen  
  17  1:32  Drone  
  21  1:42  Overlord  
  21  1:51  Drone  
  22  2:02  Drone  
  22  2:05  Queen  
  25  2:12  Drone  
  26  2:18  Hatchery  
  26  2:20  Drone  
  26  2:23  Drone  
  26  2:29  Drone  
  28  2:32  Drone  
  28  2:35  Metabolic Boost  
  29  2:39  Drone  
  29  2:41  Drone  
  29  2:43  Drone  
  32  2:47  Overlord  
  32  2:51  Drone  
  33  2:52  Drone  
  34  3:00  Queen  
  36  3:06  Queen  
  36  3:08  Drone  
  36  3:09  Drone  
  36  3:10  Drone  
  41  3:14  Drone  
  41  3:16  Drone x2  
  44  3:24  Overlord  
  44  3:26  Overlord  
  44  3:30  Queen  
  46  3:36  Queen  
  46  3:40  Drone x2  
  50  3:44  Overlord, Drone x2  
  52  3:49  Drone  
  52  3:50  Drone x2  
  52  3:54  Overlord  
  55  3:56  Drone x2  
  55  4:00  Drone x2  
  59  4:04  Zergling x2  
  59  4:07  Overlord, Zergling x4  
  62  4:13  Zergling x4  
  62  4:14  Queen  
  66  4:18  Drone x2  
  66  4:22  Drone  
  71  4:29  Evolution Chamber  
  71  4:30  Drone x5  
  73  4:32  Evolution Chamber  
  73  4:33  Extractor  
  73  4:37  Drone x2  
  73  4:40  Queen  
  73  4:41  Drone  
  73  4:43  Spore Crawler  
  73  4:44  Spore Crawler  
  73  4:45  Spore Crawler  
  73  4:48  Drone x4  
  77  4:56  Zerg Ground Armor Level 1  
  77  4:58  Zerg Melee Weapons Level 1  
  77  4:59  Drone  
  78  5:04  Overlord  
  78  5:06  Overlord  
  78  5:08  Hatchery  
  78  5:09  Drone  
  78  5:10  Extractor  
  78  5:12  Extractor, Zergling x4  
  78  5:13  Zergling x2  
  79  5:18  Drone, Lair  
  79  5:20  Drone x2  
  82  5:23  Drone  
  82  5:24  Drone  
  82  5:25  Drone x2  
  86  5:30  Drone x3  
  86  5:34  Spore Crawler  
  88  5:38  Baneling Nest, Drone x2  
  88  5:42  Drone x2  
  91  5:45  Queen  
  91  5:48  Zergling x8  
  97  5:55  Drone x8  
  105  6:06  Overlord  
  105  6:08  Drone x2  
  104  6:18  Overseer  
  104  6:21  Zergling x14  
  104  6:25  Drone x6  
  117  6:31  Overseer  
  116  6:34  Zergling x8  
  116  6:36  Hatchery  
  116  6:37  Zergling x2  
  116  6:38  Zergling x4  
  120  6:41  Overlord  
  120  6:46  Overlord  
  120  6:47  Overlord  
  120  6:51  Overlord  
  120  6:52  Overlord  
  120  6:55  Overlord  
  120  6:57  Overlord  
  120  6:59  Overlord  
  120  7:04  Zergling x14  
  126  7:09  Centrifugal Hooks, Zerg Ground Armor Level 2, Zerg Melee Weapons Level 2  
  126  7:11  Zergling x6  
  119  7:17  Zergling x2  
  119  7:20  Zergling x12  
  119  7:25  Baneling  
  119  7:26  Baneling x5  
  119  7:27  Queen x3  
  119  7:29  Zergling x12  
  131  7:31  Zergling x2  
  131  7:36  Queen  
  132  7:41  Overlord  
  132  7:43  Zergling x6  
  137  7:44  Baneling x3  
  137  7:45  Hatchery  
  134  7:51  Zergling x14  
  134  7:52  Zergling x4  
  142  7:59  Zergling x18  
  142  8:05  Baneling x6  
  151  8:06  Baneling x2  
  151  8:09  Zergling x2  
  151  8:10  Zergling x8  
  155  8:15  Hatchery  
  145  8:21  Zergling x18  
  143  8:27  Zergling x10  
  143  8:30  Zergling x4  
  136  8:36  Spore Crawler, Zergling x10  
  136  8:40  Zergling x4  
  129  8:41  Queen x2  
  129  8:44  Zergling x8  
  126  8:52  Zergling x10  
  126  8:54  Baneling x10  
  126  8:55  Zergling x4  
  123  8:58  Zergling x2  
  122  9:04  Baneling x8  
  122  9:09  Zergling x8  
  126  9:12  Baneling x2  
  126  9:14  Drone x5  
  126  9:16  Baneling  
  126  9:17  Infestation Pit, Baneling  
  127  9:20  Zergling x4  
  129  9:24  Drone  
  129  9:25  Drone  
  130  9:35  Zergling x12  
  121  9:38  Zergling x8  
  121  9:44  Zergling x8  
  124  9:46  Baneling x8  
  112  9:54  Zergling x16  
  109  10:00  Zergling x6  
  110  10:07  Zergling x14  
  110  10:11  Zergling x8  
  119  10:15  Zergling x2  
  119  10:16  Zergling x6  
Tags
 
Add a new tag
Caveats
  • Supply blocks, unpowered buildings, or Contaminate may cause inaccurate times.
  • Supply counts are checked every 10 seconds.